 Dungeon Crawl Stone Soup version 0.30.1-11-g7821555f0a (webtiles) character file.

Game seed: 2933418018071327520

109 lonewolfV2 the Covered (level 5, -9/43 HPs)
             Began as a Formicid Fighter on Nov 14, 2023.
             Mangled by a yak (12 damage)
             ... on level 3 of the Dungeon.
             The game lasted 00:04:49 (2723 turns).

lonewolfV2 the Covered (Formicid Fighter)           Turns: 2723, Time: 00:04:50

Health: -9/43      AC:  9    Str: 23    XL:     5   Next: 13%
Magic:  5/5        EV:  8    Int:  7    God:
Gold:   90         SH:  6    Dex: 13    Spells: 4/4 levels left

rFire   . . .        a - +1 war axe
rCold   + . .        c - +1 buckler
rNeg    . . .        n - +0 chain mail
rPois   .            (helmet unavailable)
rElec   .            (no cloak)
rCorr   .            (no gloves)
SInv    +            (no boots)
Will    .....        (no amulet) Stlth
                     l - ring of protection from cold
HPRegen 0.27/turn    (no ring)
MPRegen 0.09/turn

%: no passive effects
@: mighty
A: permanent stasis, dig shafts and tunnels, antennae 3, four strong arms
a: Dig, Shaft Self


You were on level 3 of the Dungeon.
You visited 1 branch of the dungeon, and saw 4 of its levels.

You collected 90 gold pieces.

Inventory:

Hand Weapons
 a - a +1 war axe (weapon)
Missiles
 e - 2 throwing nets
Armour
 c - a +1 buckler (worn)
 n - a +0 chain mail (worn)
Jewellery
 l - a ring of protection from cold (left hand)
Scrolls
 j - a scroll of enchant armour
 k - a scroll of magic mapping
Potions
 d - a potion of might
 f - 2 potions of degeneration
 g - a potion of mutation {unknown}
 h - a potion of brilliance {unknown}
 i - 3 potions of curing {unknown}
 m - a potion of lignification {unknown}


   Skills:
 + Level 4.8 Fighting
 - Level 2.0 Axes
 + Level 4.8 Armour
 - Level 4.0 Shields


You had 4 spell levels left.
You didn't know any spells.
Your spell library contained the following spells:

 Spells                   Type           Power      Damage    Failure   Level
 Volatile Blastmotes      Fire/Tloc      0%         2d10      100%        3
 Fulminant Prism          Conj/Hex       0%         3d5       100%        4
 Iskenderun's Mystic Bla  Conj/Tloc      0%         2d3       100%        4
 Lee's Rapid Deconstruct  Erth           0%         3d4*      100%        5


Dungeon Overview and Level Annotations

Branches:
Dungeon (4/15)
 Temple: D:4-7

Altars:
Elyvilon


Innate Abilities, Weirdness & Mutations

You cannot be hasted, slowed, berserked, paralysed or teleported.
You can dig through walls and to a lower floor.
You have a pair of large antennae on your head. (SInv)
Your four strong arms can wield two-handed weapons with a shield.


Message History

You hear the sound of rushing water.
There is an entrance to a sewer on this level.
Hurry and find it before the portal rusts away!
The yak bellows! x2; The goblin shouts!
You hear a shout!
There is a stone staircase leading up here.
There are monsters nearby!
The yak gores you.
There is a stone staircase leading up here.
The yak gores you! x2; The yak barely misses you.
You climb upwards.
There is a stone staircase leading down here.
You slash the yak!
The yak is moderately wounded.
You hit the yak. You closely miss the yak. The yak gores you.
The yak barely misses you. The yak gores you but does no damage.
You feel very mighty all of a sudden. You block the yak's attack.
The yak closely misses you. The yak gores you!
* * * LOW HITPOINT WARNING * * *
You closely miss the yak.
The yak is moderately wounded.
You barely miss the yak. You slash the yak! The yak barely misses you.
The yak gores you.
* * * LOW HITPOINT WARNING * * *
The yak gores you but does no damage.
You barely miss the yak.
The yak is moderately wounded.
You hit the yak. You slash the yak! The yak gores you.
* * * LOW HITPOINT WARNING * * *
The yak closely misses you. x2; The yak gores you but does no damage.
You block the yak's attack. The yak gores you but does no damage.
You slash the yak!
The yak is severely wounded.
You hit the yak. x2; The yak gores you!
* * * LOW HITPOINT WARNING * * *
The yak gores you but does no damage. The yak barely misses you.
You slice the yak!!
You kill the yak!
You slash the yak! x2
You kill the yak!
The yak gores you!
You die...

.#.###.....#.#.# .#.#
##...#.##.##### .#.#
#..##.<......# ...#
#..#####.###.# .### #..#
#.# #.# .# #..#####.#
#.# .# ##........###.###
.# ##.....######†...##
.# ##.......####@†....##
####.........##Y.......#
...'.........+.........#
####.........##........#
# ##.......####......##
##.....## ##....##
##(..## ##.### ##+## #.#
#### #.# #.#


You could see a yak.

Vanquished Creatures
  2 yaks (D:3)
  2 adders (D:3)
  3 worms
  3 dart slugs
  6 bats
  10 endoplasms
  4 giant cockroaches
  8 goblins
  7 hobgoblins
  A quokka (D:1)
  10 ball pythons
  3 frilled lizards
  7 kobolds
  12 rats
78 creatures vanquished.

Notes
Turn   | Place    | Note
-------+----------+-------------------------------------------
     0 | D:1      | lonewolfV2 the Formicid Fighter began the quest for the
                  | Orb.
     0 | D:1      | Reached XP level 1. HP: 18/18 MP: 1/1
    75 | D:1      | Reached XP level 2. HP: 23/24 MP: 2/2
   317 | D:1      | Reached XP level 3. HP: 25/30 MP: 3/3
  1075 | D:2      | Reached XP level 4. HP: 25/37 MP: 4/4
  2165 | D:3      | Reached XP level 5. HP: 43/43 MP: 5/5
  2416 | D:3      | Found a white marble altar of Elyvilon.
  2713 | D:4      | Noticed a yak
  2713 | D:4      | Noticed a yak
  2713 | D:4      | Noticed a yak
  2713 | D:4      | Noticed a yak
  2723 | D:3      | Killed a yak
  2723 | D:3      | Killed a yak
  2723 | D:3      | Mangled by a yak

Illustrated notes

Levels and vault maps discovered:
D:1:      dpeg_arrival_subterranean_lakeside_camping, layout_loops_ring
D:2:      layout_loops_ring
D:3:      layout_loops_corners, lemuel_doored_altar, serial_rivers,
          chequers_serial_rivers_micro_b, chequers_serial_rivers_micro_a,
          chequers_serial_rivers_small_a, chequers_serial_rivers_small_b,
          chequers_serial_rivers_small_b, hangedman_abyss_or_decor_stabs
D:4:      layout_cave_pools, fedhas_altar_1, zin_academy,
          gup_sewer_entry_spiral, kennysheep_dice

Skill      XL: |  1  2  3 |
---------------+----------+-----
Fighting       | 4 |  4.8
Armour         | 4 |  4.8
Axes           | |  2.0
Shields        | |  4.0

Action                     |  1- 3 |  4- 6 || total
---------------------------+-------+-------++-------
  Melee: War axe           |   110 |    91 ||   201
    Use: Scroll            |     2 |     4 ||     6
         Potion            |       |     1 ||     1
 Armour: Scale mail        |    72 |    37 ||   109
         Chain mail        |       |     5 ||     5
  Dodge: Dodged            |    62 |    49 ||   111
  Block: Buckler           |    34 |    24 ||    58
